 Dungeon Crawl Stone Soup version 0.30.1-3-gfc49f6343a (webtiles) character file.

Game seed: 17232100972998367785

4905 Peloso the Carver (level 10, -3/88 HPs)
             Began as a Minotaur Fighter on July 22, 2023.
             Was an Elder of Okawaru.
             Succumbed to a gnoll's poison
             ... on level 9 of the Dungeon.
             The game lasted 00:16:50 (8853 turns).

Peloso the Carver (Minotaur Fighter)                Turns: 8853, Time: 00:16:50

Health: -3/88      AC: 21    Str: 24    XL:     10   Next: 27%
Magic:  10/10      EV:  9    Int:  5    God:    Okawaru [****..]
Gold:   301        SH: 11    Dex: 11    Spells: 9/9 levels left

rFire   + . .        b - +5 falchion
rCold   . . .        d - +0 buckler
rNeg    . . .        D - +7 chain mail of Stoicism {Harm rF+ rCorr}
rPois   .            (helmet restricted)
rElec   .            (no cloak)
rCorr   +            p - +0 pair of gloves
SInv    .            x - +0 pair of boots
Will    .....        y - amulet of reflection Stlth
                     (no ring)
HPRegen 0.34/turn    (no ring)
MPRegen 0.12/turn

%: harm (+30% outgoing, +20% incoming), reflection
@: lethally poisoned (-3 -> -20)
A: horns 2, retaliatory headbutt
a: Renounce Religion, Heroism, Finesse


You were on level 9 of the Dungeon.
You worshipped Okawaru.
Okawaru was greatly pleased with you.
You visited 2 branches of the dungeon, and saw 10 of its levels.

You collected 383 gold pieces.
You spent 82 gold pieces at shops.

Inventory:

Hand Weapons
 a - a +1 long sword of flaming
 b - a +5 falchion (weapon)
Armour
 c - a +0 chain mail
 d - a +0 buckler (worn)
 p - a +0 pair of gloves (worn)
 x - a +0 pair of boots (worn)
 D - the +7 chain mail of Stoicism (worn) {Harm rF+ rCorr}
   (You found it on level 5 of the Dungeon)

   rF:        It protects you from fire.
   rCorr:     It protects you from acid and corrosion.
   Harm:      It increases damage dealt and taken.
Jewellery
 e - a +4 ring of protection
 i - an amulet of the acrobat
 n - a ring of magical power
 y - an amulet of reflection (around neck)
 C - a +4 ring of protection
 E - a ring of protection from fire
 H - a ring of resist corrosion
Wands
 A - a wand of iceblast (8)
 K - a wand of mindburst (21)
 M - a wand of polymorph (6)
 O - a wand of acid (18)
Scrolls
 g - a scroll of acquirement
 h - 2 scrolls of immolation
 j - 3 scrolls of enchant weapon
 k - 2 scrolls of amnesia
 o - 2 scrolls of fog
 t - 2 scrolls of poison {unknown}
 v - a scroll of magic mapping
 G - 4 scrolls of teleportation
 I - 2 scrolls of enchant armour {unknown}
 J - a scroll of blinking {unknown}
 L - 2 scrolls of identify
 P - a scroll of torment {unknown}
Potions
 f - 2 potions of might
 l - a potion of berserk rage
 m - 3 potions of haste
 q - 2 potions of mutation
 r - a potion of resistance
 s - a potion of cancellation
 u - a potion of invisibility
 w - 2 potions of heal wounds
 z - 2 potions of flight
 B - 2 potions of degeneration {unknown}
 F - a potion of curing {unknown}
 N - a potion of ambrosia {unknown}


   Skills:
 + Level 7.8 Fighting
 + Level 10.5 Long Blades
 + Level 10.2 Armour
 + Level 2.9 Dodging
 + Level 1.2 Stealth
 + Level 9.0 Shields
 + Level 1.4 Invocations


You had 9 spell levels left.
You didn't know any spells.
Your spell library contained the following spells:

 Spells                   Type           Power      Damage    Failure   Level
 Cigotuvi's Dreadful Rot  Necr/Pois/Air  0%         N/A       98%         2
 Sublimation of Blood     Necr           0%         N/A       98%         2
 Wereblood                Tmut           0%         N/A       98%         2
 Dispel Undead            Necr           0%         3d6       100%        4
 Death Channel            Necr           Unusable   N/A       N/A         6
 Summon Hydra             Summ           Unusable   N/A       N/A         7

Dungeon Overview and Level Annotations

Branches:
Dungeon (9/15)             Temple (1/1) D:6            Lair (0/5) D:9
    Orc: D:9-12

Altars:
Ashenzari
Cheibriados
Elyvilon
Fedhas
Gozag
Hepliaklqana
Kikubaaqudgha
Makhleb
Nemelex Xobeh
Okawaru
Qazlal
Ru
Sif Muna
Trog
Uskayaw
Vehumet
Wu Jian
Xom
Yredelemnul
Zin
The Shining One
Lugonu

Shops:
D:3 *

Portals:
Abyss: D:4


Innate Abilities, Weirdness & Mutations

You have a pair of horns on your head.
You reflexively headbutt those who attack you in melee.


Message History

You feel sick.
The killer bee stings you but does no damage.
The gnoll misses you. You block the gnoll's attack.
The killer bee stings you but does no damage.
You miss the killer bee. You headbutt the killer bee.
You kill the killer bee!
Okawaru accepts your kill.
You feel sick.
The gnoll is no longer moving quickly. x2
The gnoll hits you from afar with a +2 halberd of venom!
* * * LOW HITPOINT WARNING * * *
You are more poisoned.
The gnoll closely misses you.
The gnoll bouda barks out a call to the hunt!
The gnolls pick up the pace!
You slash the gnoll!
The gnoll is almost dead.
You feel sick. The gnoll hits you with a +0 club.
* * * LOW HITPOINT WARNING * * *
You block the gnoll's attack. The gnoll closely misses you.
You feel sick.
You feel sick.
The gnoll throws a throwing net.
You block the throwing net with an invisible shield... and reflect it back!
The throwing net hits the gnoll.
The gnoll is caught in the net!
The gnoll struggles against the net.
You feel sick.
The gnoll struggles against the net.
You feel sick.
The gnoll struggles against the net.
You block the gnoll's attack.
The gnoll struggles against the net.
You see here 6 poisoned darts.
You feel sick.
The gnoll struggles against the net.
You feel sick.
The gnoll struggles against the net.
The net rips apart, and the gnoll comes free!
You feel sick. You block the gnoll's attack.
You feel sick.
You are no longer poisoned.
The gnoll closely misses you.
The gnoll is no longer moving quickly.
You block the gnoll's attack.
The gnoll hits you from afar with a +2 halberd of venom!
* * * LOW HITPOINT WARNING * * *
You are lethally poisoned!
You die...

.. ####..#g..##PPP##...#
. ..
..#........#...#....###.
#
.....#...#...≈..†#....#.
#
###.......#######†....#.
#........# #.......
##..gg...# #.......
#.......# ##.......
#......## #........
##..@..# #........ ###
##....# #.......# ..#
#...## #.......# ...
#...# #.......# ...
##..# ##.......# ...
#..## #......... ....
#..<#####......### ....#
##.÷##..........# ....#
#.....###......##


You could see 2 gnolls.

Vanquished Creatures
  Maggie (D:7)
  2 shadows
  A human (D:9)
  3 yaks (D:9)
  2 steam dragons (D:9)
  A water moccasin (D:7)
  Edmund (D:5)
  An ice beast (D:7)
  2 orc warriors
  A sky beast (D:8)
  A centaur (D:8)
  A phantom (D:5)
  2 kobold brigands
  6 bullfrogs
  3 scorpions
  15 wights
  14 killer bees
  A howler monkey (D:5)
  2 hounds
  3 orc priests
  3 jellies
  Terence (D:3)
  4 iguanas
  An orc wizard (D:9)
  10 gnolls
  8 adders
  3 white imps (D:5)
  An ufetubus (D:5)
  5 worms
  2 dart slugs
  9 orcs
  5 ball pythons
  6 endoplasms
  10 giant cockroaches
  2 goblins (D:1)
  3 hobgoblins
  3 jackals (D:4)
  10 quokkas
  5 bats
  5 frilled lizards
  A jackal zombie (D:9)
  15 kobolds
  A kobold zombie (D:9)
  7 rats
183 creatures vanquished.

Vanquished Creatures (others)
  An orc (D:9)
  2 lurking horrors (D:4)
3 creatures vanquished.

Grand Total: 186 creatures vanquished

Notes
Turn   | Place    | Note
-------+----------+-------------------------------------------
     0 | D:1      | Peloso the Minotaur Fighter began the quest for the Orb.
     0 | D:1      | Reached XP level 1. HP: 19/19 MP: 0/0
   221 | D:1      | Reached XP level 2. HP: 27/27 MP: 1/1
   877 | D:2      | Reached XP level 3. HP: 31/33 MP: 2/2
  1206 | D:2      | Reached XP level 4. HP: 40/40 MP: 3/3
  1577 | D:2      | Found a faded altar of an unknown god.
  1916 | D:3      | Found Tyes's General Store.
  1998 | D:3      | Reached XP level 5. HP: 37/47 MP: 4/4
  2001 | D:3      | Reached skill level 1 in Dodging
  2099 | D:3      | Reached skill level 5 in Fighting
  2265 | D:3      | You fall into a shaft and drop 2 floors!
  2265 | D:5      | Entered Level 5 of the Dungeon
  2279 | D:4      | Found a bloodstained altar of Trog.
  2406 | D:4      | Reached skill level 5 in Armour
  2406 | D:4      | Reached XP level 6. HP: 43/56 MP: 5/5
  2506 | D:4      | Reached skill level 5 in Shields
  2625 | D:3      | Bought a scroll of magic mapping for 82 gold pieces
  2694 | D:3      | Noticed Terence
  2699 | D:3      | Killed Terence
  2829 | D:4      | Found a one-way gate to the infinite horrors of the Abyss.
  2849 | D:4      | Found a corrupted altar of Lugonu.
  3003 | D:4      | Reached skill level 5 in Long Blades
  3131 | D:4      | Found a white marble altar of Elyvilon.
  3817 | D:5      | Found a radiant altar of Vehumet.
  3832 | D:5      | Reached XP level 7. HP: 47/61 MP: 6/6
  4002 | D:5      | Identified the +7 chain mail of Stoicism {Harm rF+ rCorr}
  4360 | D:5      | Noticed Edmund
  4375 | D:5      | Killed Edmund
  4845 | D:6      | Found a staircase to the Ecumenical Temple.
  4866 | Temple   | Entered the Ecumenical Temple
  4880 | Temple   | Became a worshipper of Warmaster Okawaru
  5026 | D:6      | Identified the +2 robe of Mezcal {*Corrode Will+++ Regen+
                  | Str+3}
  5167 | D:6      | Noticed a shadow
  5182 | D:6      | Killed a shadow
  5182 | D:6      | Reached * piety under Okawaru
  5183 | D:6      | Reached XP level 8. HP: 70/70 MP: 7/7
  5469 | D:6      | Identified a scroll of acquirement
  6153 | D:7      | Reached ** piety under Okawaru
  6154 | D:7      | Reached skill level 1 in Stealth
  6379 | D:6      | Reached XP level 9. HP: 43/73 MP: 8/8
  6729 | D:7      | Found a glowing silver altar of Zin.
  7369 | D:8      | Noticed Maggie
  7369 | D:8      | Found a stormy altar of Qazlal.
  7390 | D:7      | Killed Maggie
  7923 | D:8      | Reached *** piety under Okawaru
  8339 | D:9      | Found a staircase to the Lair.
  8413 | D:9      | Found a runed translucent door.
  8418 | D:9      | Found a basalt altar of Yredelemnul.
  8464 | D:9      | Reached skill level 10 in Long Blades
  8550 | D:9      | Reached skill level 10 in Armour
  8550 | D:9      | Reached XP level 10. HP: 80/86 MP: 9/9
  8559 | D:9      | Reached skill level 1 in Invocations
  8597 | D:9      | Identified the +2 morningstar "Eskyifysk" {drain, Contam
                  | rElec rPois rF++}
  8605 | D:9      | Reached **** piety under Okawaru
  8852 | D:9      | HP: 3/88 [gnoll/+2 halberd of venom[a gnoll bouda] (10)]
  8853 | D:9      | Succumbed to a gnoll's poison

Illustrated notes

Levels and vault maps discovered:
D:1:      dpeg_arrival_radiant, layout_basic, kennysheep_boxes
D:2:      layout_rooms, chequers_ecumenical_altar_simple, minmay_octomino_c4
D:3:      layout_basic, serial_shops, nicolae_shop_peninsula, uniq_terence
D:4:      layout_cave_pools, overflow_temple_1_default,
          mainiacjoe_overflow_chevrons, serial_co_window_serial,
          co_window_corner_a, co_window_cross_1, co_window_paths_a,
          co_window_of_opportunity_a, co_window_paths_a,
          co_window_of_opportunity_a, co_window_paths_a, co_window_paths_a,
          co_window_paths_b, co_window_corner_b, co_window_broadway_c,
          co_window_corner_ca, co_window_4corner_a, glass_columns_a,
          glass_columns_a, glass_columns_c, glass_columns_b, glass_columns_b,
          st_stairs_6, amcnicky_altar_lugonu_corruption
D:5:      layout_basic, nicolae_vehumet_altar_sigil, uniq_edmund
D:6:      layout_loops_ring, minmay_temple_entry_ruins, mrwooster_statue_mirror,
          kennysheep_path_1
D:7:      layout_layer_cave, lemuel_crystal_altar, reono_crystal_passage,
          ebering_dispersal_statue_hall
D:8:      layout_cave_pools, nicolae_qazlal_scattered_showers, uniq_maggie
D:9:      layout_cave_pods, dk_yredelemnul_ordeal, dpeg_oklobed_lair
Temple:   lightli_temple_of_artemis

Skill      XL: |  1  2  3  4  5  6  7  8  9 10 |
---------------+-------------------------------+-----
Armour         | 4 5 6 7 10 | 10.2
Fighting       | 4 5 6 7 |  7.8
Shields        | 4 5 7 8 9 |  9.0
Long Blades    | 3 4 5 7 8 10 | 10.5
Dodging        | 1 2 |  2.9
Stealth        | 1 |  1.2
Invocations    | 1 |  1.4

Action                     |  1- 3 |  4- 6 |  7- 9 | 10-12 || total
---------------------------+-------+-------+-------+-------++-------
  Melee: Long sword        |    78 |   180 |   190 |       ||   448
         Headbutt          |    14 |    16 |    47 |    11 ||    88
         Falchion          |       |       |    51 |    63 ||   114
 Invoke: Heroism           |       |       |     1 |       ||     1
    Use: Potion            |     3 |       |       |       ||     3
         Scroll            |       |     3 |    10 |       ||    13
 Armour: Scale mail        |    29 |    45 |       |       ||    74
         Chain mail        |       |    28 |   128 |    28 ||   184
  Dodge: Dodged            |    36 |    83 |   123 |    26 ||   268
  Block: Buckler           |    16 |    48 |   144 |    45 ||   253
         Reflection        |       |       |     6 |     3 ||     9
